cohdb
Replays
Latest Replays
All Replays
Popular Replays
Top Player Replays
Match Explorer
How It Works
Community
CoH3 Stats
Reddit
Sign in to upload your games and track your stats! →
Sign in with Steam
Match 41444820
Unlisted
Match 41444820
Overview
Messages
Build Orders
End
Construct Barracks
Riflemen Squad
Riflemen Squad
Riflemen Squad
Riflemen Squad
Construct Medical Station
Infantry Support Center
M1918 Browning Automatic Rifles
Selects Advanced Infantry Battlegroup
Selects Convert to Ranger Squad
Convert to Ranger Squad
Grenade Package
Engineer Squad
Selects Artillery Observers
Selects M2A1 105mm Howitzer Emplacement
Convert to Ranger Squad
Selects Free Fire Drills
Selects Designate Assault Position
Construct Tank Depot
Selects Ranger Weapon Training
M18 Hellcat Tank Destroyer
M18 Hellcat Tank Destroyer
M18 Hellcat Tank Destroyer
Engineer Squad
Euan
BIOHAZARD
0
0
Comments
sign in to comment!
No comments posted yet!